 Dungeon Sprint DCSS version 0.30-a0-297-g0ec75d9ef4 (webtiles) character file.

Game seed: 705746263459222915

81 mhtbhm the Cudgeller (level 4, 44/44 HPs)
             Began as an Armataur Berserker on Oct 19, 2022.
             Was a Priest of Trog.
             Quit the game in the Dungeon (Sprint IX: "|||||||||||||||||||||||||||||").
             The game lasted 00:00:14 (114 turns).

mhtbhm the Cudgeller (Armataur Berserker)            Turns: 114, Time: 00:00:15

Health: 44/44      AC:  4    Str: 24    XL:     4   Next: 20%
Magic:  4/4        EV: 10    Int:  8    God:    Trog [***...]
Gold:   0          SH:  0    Dex:  9    Spells: 3/3 levels left

rFire   . . .      SeeInvis .    a - +0 mace
rCold   . . .      Faith    .    (no shield)
rNeg    . . .      Spirit   .    b - +0 animal skin
rPois   .          Reflect  .    (no helmet)
rElec   .          Harm     .    (no cloak)
rCorr   .          Roll     +    (no gloves)
Will    .....      NoTele   +    (no barding)
Stlth   +.........               (no amulet)
HPRegen 0.27/turn                (no ring)
MPRegen 0.09/turn                (no ring)

@: no status effects
A: large, rugged brown scales 3, deformed body, armoured tail, roll, long
tongue, awkward tongue
a: Renounce Religion, Berserk, Trog's Hand


You were in the Dungeon.
You worshipped Trog.
Trog was most pleased with you.
You visited 1 branch

Inventory:

Hand Weapons
 a - a +0 mace (weapon)
Armour
 b - a +0 animal skin (worn)
Scrolls
 h - a scroll of blinking
Potions
 c - a potion of curing
 d - a potion of heal wounds
 e - a potion of haste
 f - 2 potions of magic
 g - a potion of berserk rage


   Skills:
 + Level 5.2 Fighting
 + Level 5.5 Maces & Flails
 + Level 3.7 Armour
 + Level 2.5 Dodging
 + Level 1.1 Stealth


You had 3 spell levels left.
You didn't know any spells.
Your spell library was empty.

Dungeon Overview and Level Annotations

Branches:
Dungeon (1/1)

Altars:
Cheibriados
Dithmenos
Elyvilon
Fedhas
Gozag
Hepliaklqana
Kikubaaqudgha
Makhleb
Nemelex Xobeh
Okawaru
Qazlal
Ru
Sif Muna
Trog
Jiyva
Lugonu


Innate Abilities, Weirdness & Mutations

You are completely covered in rugged brown scales. (AC +3, +7% HP)
Armour fits poorly on your strangely shaped body.
You have a long armoured tail.
You roll when moving toward enemies. (Rampage)
Your long tongue fully drains potion bottles. (2x potion effects)
Your tongue gives you trouble enunciating. (1.5x scroll delay)


Message History

Things that are here:
a +0 whip; an adder corpse You feel a strong urge to attack something.
You start resting.
You feel your anger nearly subside.
You start resting.
You are no longer berserk.
You are exhausted.
You feel yourself slow down.
You start resting.
HP restored.
You start waiting.
You feel yourself speed up.
You start waiting.
You recover from your berserk rage.
You open the door.
Found six altars.
Found a hazy altar of Hepliaklqana.
There is an open door to the Temple here.
Found a viscous altar of Jiyva.
There is a roughly hewn altar of Beogh here.
Found an ancient bone altar of Kikubaaqudgha.
There is a snail-covered altar of Cheibriados here.
Found a corrupted altar of Lugonu.
There is a shadowy altar of Dithmenos here.
Found a burning altar of Makhleb.
There is a white marble altar of Elyvilon here.
Found a sparkling altar of Nemelex Xobeh.
There is a blossoming altar of Fedhas here.
Found an iron altar of Okawaru.
There is an opulent altar of Gozag here.
Found a stormy altar of Qazlal.
There is a hazy altar of Hepliaklqana here.
Found a sacrificial altar of Ru.
There is a viscous altar of Jiyva here.
Found a shimmering blue altar of Sif Muna.
There is an ancient bone altar of Kikubaaqudgha here.
Found a bloodstained altar of Trog.
There is a corrupted altar of Lugonu here.
Are you sure you want to abandon this character and quit the game? (Confirm with "yes".)

▓_▓
▓_▓
▓_▓
▓_▓
▓_▓
▓_▓
▓_▓
▓@▓
▓_▓
▓_▓
▓_▓
▓_▓
▓_▓
▓_▓
▓_▓
▓_▓


There were no monsters in sight!

Vanquished Creatures
  2 hounds (D)
  An adder (D)
  2 orcs (D)
  An endoplasm (D)
  A giant cockroach (D)
  A ball python (D)
  A bat (D)
  A kobold (D)
10 creatures vanquished.

Notes
Turn   | Place    | Note
-------+----------+-------------------------------------------
     0 | D        | mhtbhm the Armataur Berserker began the quest for the Orb.
     0 | D        | Reached XP level 1. HP: 19/19 MP: 1/1
    12 | D        | Reached ** piety under Trog
    41 | D        | Noticed a hound
    41 | D        | Noticed a hound
    46 | D        | Killed a hound
    47 | D        | Reached XP level 2. HP: 28/28 MP: 2/2
    47 | D        | Reached XP level 3. HP: 35/35 MP: 3/3
    50 | D        | Reached *** piety under Trog
    51 | D        | Reached skill level 5 in Maces & Flails
    51 | D        | Reached skill level 1 in Stealth
    51 | D        | Reached XP level 4. HP: 43/43 MP: 4/4
    56 | D        | Reached skill level 5 in Fighting
   102 | D        | Found a snail-covered altar of Cheibriados.
   102 | D        | Found a shadowy altar of Dithmenos.
   102 | D        | Found a white marble altar of Elyvilon.
   102 | D        | Found a blossoming altar of Fedhas.
   102 | D        | Found an opulent altar of Gozag.
   103 | D        | Found a hazy altar of Hepliaklqana.
   104 | D        | Found a viscous altar of Jiyva.
   105 | D        | Found an ancient bone altar of Kikubaaqudgha.
   106 | D        | Found a corrupted altar of Lugonu.
   107 | D        | Found a burning altar of Makhleb.
   108 | D        | Found a sparkling altar of Nemelex Xobeh.
   109 | D        | Found an iron altar of Okawaru.
   110 | D        | Found a stormy altar of Qazlal.
   111 | D        | Found a sacrificial altar of Ru.
   112 | D        | Found a shimmering blue altar of Sif Muna.
   113 | D        | Found a bloodstained altar of Trog.
   114 | D        | Quit the game

Illustrated notes

Levels and vault maps discovered:
D:        linesprint [early_d, line_temple, items_1, d_10, items_2, lair_1,
          lair_end, items_3, orc_1, orc_end, items_4, d_15, swamp_1, shoals_1,
          snake_1, spider_1, d_20, vaults_1, items_5, swamp_end, shoals_end,
          snake_end, spider_end, vaults_end, d_27, items_6, zot_1, zot_end,
          crypt_end, forest_end, elf_end, slime_end, tomb_end, abyss_end,
          pan_hell_end]

Skill      XL: |  1  2  3  4 |
---------------+-------------+-----
Maces & Flails | 4 5 |  5.5
Fighting       | 4 5 |  5.2
Armour         | 3 |  3.7
Dodging        | 2 |  2.5
Stealth        | 1 |  1.1

Action                   |  1- 3 |  4- 6 || total
-------------------------+-------+-------++-------
Melee: Mace              |    22 |     6 ||    28
       Tailslap          |     3 |     1 ||     4
Invok: Berserk           |     1 |       ||     1
 Stab: Distracted        |     1 |       ||     1
Armor: Animal skin       |     5 |       ||     5
Dodge: Dodged            |    14 |     1 ||    15

Table legend: (Time is in decaauts)
 A = Elapsed time spent in this place.
 B = Non-inter-level travel time spent in this place.
 C = Inter-level travel time spent in this place.
 D = Time resting spent in this place.
 E = Time spent auto-exploring this place.
 F = Levels seen in this place.
 G = Mean time per level.
                   A        B        C        D        E       F      G
               +--------+--------+--------+--------+--------+-----+--------+
         Total |    125 |    125 |      0 |     68 |      3 |   1 |  125.0 |
       Dungeon |    125 |    125 |      0 |     68 |      3 |   1 |  125.0 |
               +--------+--------+--------+--------+--------+-----+--------+

Top non-repeatable levels by time:
       D: 125 daAuts
